 Dungeon Crawl Stone Soup version 0.27-a0-1308-gc08437e49b (console) character file.

Game seed: 9498977672622618658

1600 jejorda2 the Carver (level 8, 0/64 HPs)
             Began as a Merfolk Berserker on June 19, 2021.
             Was a Priest of Trog.
             Slain by a yak (12 damage)
             ... on level 5 of the Dungeon.
             The game lasted 00:07:36 (5324 turns).

jejorda2 the Carver (Merfolk Berserker)             Turns: 5324, Time: 00:07:37

Health: 0/64       AC: 13    Str: 19    XL:     8   Next: 94%
Magic:  8/8        EV: 13    Int:  7    God:    Trog [***...]
Gold:   150        SH:  0    Dex: 13    Spells: 7/7 levels left

rFire    + . .     SeeInvis .   a - +0 falchion
rCold    . . .     Faith    .   (no shield)
rNeg     . . .     Spirit   .   f - +0 chain mail
rPois    .         Reflect  .   v - +0 helmet
rElec    .         Harm     .   o - +0 cloak
rCorr    .         Rampage  .   (no gloves)
Will     ++...                  q - +0 pair of boots
Stlth    ..........             (no amulet)
HPRegen  1.20/turn              l - ring of protection from fire
MPRegen  0.11/turn              p - +4 ring of evasion

@: strong-willed, on berserk cooldown, regenerating, slowed, very slow
A: (nimble swimmer 2), mertail
a: Renounce Religion, Berserk, Trog's Hand


You were on level 5 of the Dungeon.
You worshipped Trog.
Trog was most pleased with you.
You visited 1 branch of the dungeon, and saw 5 of its levels.

You collected 150 gold pieces.

Inventory:

Hand Weapons
 a - a +0 falchion (weapon)
 k - a +0 flail
Armour
 f - a +0 chain mail (worn)
 o - a +0 cloak (worn)
 q - a +0 pair of boots (worn)
 v - a +0 helmet (worn)
Jewellery
 l - a ring of protection from fire (left hand)
 p - a +4 ring of evasion (right hand)
Wands
 r - a wand of digging (7)
Scrolls
 c - a scroll of enchant weapon {unknown}
 d - 4 scrolls of identify {unknown}
 e - 2 scrolls of blinking {unknown}
 g - a scroll of fog {unknown}
 h - a scroll of magic mapping {unknown}
 i - a scroll of teleportation {unknown}
 m - a scroll of enchant armour {unknown}
 s - a scroll of noise {unknown}
Potions
 b - 2 potions of brilliance {unknown}
 j - a potion of magic {unknown}
 t - a potion of attraction {unknown}
 u - a potion of curing {unknown}


   Skills:
 - Level 6.0 Fighting
 * Level 9.2 Long Blades
 + Level 4.3 Armour
 + Level 4.3 Dodging


You had 7 spell levels left.
You didn't know any spells.
Your spell library was empty.

Dungeon Overview and Level Annotations

Branches:
Dungeon (5/15)
 Temple: D:4-7

Altars:
Qazlal
Ru
Trog

Shops:
D:3 :


Innate Abilities, Weirdness & Mutations

((You are quick and stealthy near water. (Stealth+, EV+, Speed+++)))
Your lower body shifts to a powerful aquatic tail in water.


Message History

You barely miss the yak. You hit the yak.
The yak is lightly wounded.
You are no longer berserk.
You are exhausted.
You feel yourself slow down. The yak gores you.
You hit the yak.
The yak is moderately wounded.
The yak gores you!
You barely miss the yak.
The yak is moderately wounded.
The yak gores you.
You hit the yak.
The yak is moderately wounded.
The yak gores you but does no damage.
You hit the yak.
The yak is heavily wounded.
The yak gores you! The yak gores you.
You hit the yak but do no damage.
The yak is heavily wounded.
The yak gores you!
Throw: throwing net
Press: ? - help, Shift-Dir - straight line, f - yak
Aim: a yak (heavily wounded, 70% to hit)
You throw a throwing net. The throwing net barely misses the yak.
The yak gores you.
* * * LOW HITPOINT WARNING * * *
Unknown command.
Okay, then.
Okay, then.
Unknown command.
The yak barely misses you. The yak closely misses you.
You riposte.
You barely miss the yak.
The yak is heavily wounded.
Your skin crawls.
You feel strong-willed. The yak gores you!
* * * LOW HITPOINT WARNING * * *
The yak gores you!
You die...

#§.# ####... #≈.#
#...... +..# #.##...
#≈.# #.###.# #≈.#
#.# #.#
#≈.####.###..
##≈...........
#######≈≈.####.#####
#WY@......# #.#
#.######.## #.# #.#
#.# #.# #†# #.# #.#
#(# #.# #.. #.# #.#
### #.# #.# #.# #..
#..#


You could see a yak and a phantom.

Vanquished Creatures
  A troll (D:5)
  Sigmund (D:3)
  3 yaks (D:5)
  Menkaure (D:5)
  2 black bears
  2 phantoms (D:4)
  A scorpion (D:4)
  3 hounds
  5 adders
  6 gnolls
  A worm (D:4)
  2 orcs
  7 ball pythons
  6 bats
  6 endoplasms
  3 giant cockroaches
  9 goblins
  14 hobgoblins
  8 jackals
  9 kobolds
  2 quokkas
  2 frilled lizards
  A jackal skeleton (D:4)
  7 rats
102 creatures vanquished.

Notes
Turn   | Place    | Note
-------+----------+-------------------------------------------
     0 | D:1      | jejorda2 the Merfolk Berserker began the quest for the Orb.
     0 | D:1      | Reached XP level 1. HP: 18/18 MP: 1/1
    66 | D:1      | You fall into a shaft and drop 1 floor!
   149 | D:2      | Reached XP level 2. HP: 7/24 MP: 2/2
   762 | D:2      | Reached XP level 3. HP: 29/29 MP: 3/3
   787 | D:2      | Reached skill level 4 in Long Blades
  1446 | D:1      | Reached ** piety under Trog
  1732 | D:1      | Reached XP level 4. HP: 35/37 MP: 4/4
  2058 | D:1      | Found a faded altar of an unknown god.
  2222 | D:3      | Noticed Sigmund
  2229 | D:3      | Killed Sigmund
  2230 | D:3      | Reached skill level 5 in Long Blades
  2230 | D:3      | Reached XP level 5. HP: 43/43 MP: 5/5
  2319 | D:3      | Reached XP level 6. HP: 49/49 MP: 6/6
  2737 | D:3      | Found a bloodstained altar of Trog.
  2928 | D:3      | Found Riosoul's Book Emporium.
  3343 | D:4      | Reached skill level 6 in Long Blades
  3616 | D:4      | Found a stormy altar of Qazlal.
  4047 | D:4      | Found a sacrificial altar of Ru.
  4190 | D:4      | Reached skill level 5 in Fighting
  4190 | D:4      | Reached XP level 7. HP: 56/56 MP: 7/7
  4292 | D:4      | Reached *** piety under Trog
  4303 | D:4      | Reached skill level 7 in Long Blades
  4701 | D:5      | Entered Level 5 of the Dungeon
  4831 | D:5      | Noticed Menkaure
  4836 | D:5      | Killed Menkaure
  4837 | D:5      | Reached XP level 8. HP: 64/64 MP: 8/8
  4905 | D:5      | Noticed a troll
  4915 | D:5      | Killed a troll
  4916 | D:5      | Reached skill level 8 in Long Blades
  5247 | D:5      | Noticed a yak
  5281 | D:5      | Noticed a yak
  5281 | D:5      | Noticed a yak
  5291 | D:5      | Noticed a yak
  5296 | D:5      | Killed a yak
  5306 | D:5      | Killed a yak
  5307 | D:5      | Reached skill level 9 in Long Blades
  5311 | D:5      | Killed a yak
  5324 | D:5      | Slain by a yak

Illustrated notes

Levels and vault maps discovered:
D:1:      kennysheep_arrival_seaside, layout_loops_corners,
          shapermc_ecumenical_altar_mp_highgroup, serial_bayou_pond_e,
          nrook_mini_backslash
D:2:      layout_basic
D:3:      layout_basic, trog_hazing_becter, serial_shops, shop, uniq_sigmund
D:4:      minmay_inner_zag, layout_loops_ring, general_overflow_altar,
          lemuel_round_altar, serial_co_window_serial, co_window_paths_b,
          co_window_paths_a, co_window_paths_a, co_window_of_opportunity_a,
          co_window_corner_a, co_window_corner_b, co_window_of_opportunity_b,
          co_window_2corner, co_window_paths_c, co_window_broadway_b,
          co_window_unsneaky_path_b, glass_columns_c, glass_columns_c
D:5:      layout_loops_ring, marbit_many_paths, lightli_temple_of_fire,
          kennysheep_mini, temple_green, minmay_misc_feat_nine_boxes,
          glass_columns_b, uniq_menkaure

Skill      XL: |  1  2  3  4  5  6  7  8 |
---------------+-------------------------+-----
Long Blades    | 4 5 6 7 9 |  9.2
Fighting       | 4 5 6 |  6.0
Armour         | 2 3 4 |  4.3
Dodging        | 4 |  4.3

Action                   |  1- 3 |  4- 6 |  7- 9 || total
-------------------------+-------+-------+-------++-------
Melee: Falchion          |   121 |   133 |   146 ||   400
       Tailslap          |       |     1 |       ||     1
Throw: Throwing net      |       |       |     1 ||     1
Invok: Berserk           |     1 |     5 |     5 ||    11
       Trog's Hand       |       |     2 |     1 ||     3
Armor: Animal skin       |     6 |       |       ||     6
       Chain mail        |    61 |    89 |    77 ||   227
Dodge: Dodged            |    70 |    72 |    90 ||   232
       Rpst.: Falchion   |    26 |    20 |    26 ||    72

Table legend: (Time is in decaauts)
 A = Elapsed time spent in this place.
 B = Non-inter-level travel time spent in this place.
 C = Inter-level travel time spent in this place.
 D = Time resting spent in this place.
 E = Time spent auto-exploring this place.
 F = Levels seen in this place.
 G = Mean time per level.
                   A        B        C        D        E       F      G
               +--------+--------+--------+--------+--------+-----+--------+
         Total |   5412 |   5226 |    186 |    492 |   3913 |   5 | 1082.4 |
       Dungeon |   5412 |   5226 |    186 |    492 |   3913 |   5 | 1082.4 |
               +--------+--------+--------+--------+--------+-----+--------+

Top non-repeatable levels by time:
     D:4: 1524 daAuts
     D:2: 1257 daAuts
     D:1: 1039 daAuts
     D:3: 954 daAuts
     D:5: 636 daAuts
